 Dungeon Crawl Stone Soup version 0.31-a0-836-g3ceb0a68c4 (webtiles) character file.

Game seed: 6370514440993741153

4952 Angani the Fighter (level 10, -1/58 HPs)
             Began as a Vine Stalker Delver on Sept 26, 2023.
             Was a Plaything of Xom.
             Slain by an orc warrior
             ... wielding a +0 glaive
              (13 damage)
             ... on level 9 of the Dungeon on Sept 27, 2023.
             The game lasted 00:20:58 (6796 turns).

Angani the Fighter (Vine Stalker Delver)            Turns: 6796, Time: 00:20:59

Health: -1/58      AC: 11    Str: 17    XL:     10   Next: 53%
Magic:  0/11       EV: 12    Int: 10    God:    Xom [*.....]
Gold:   422        SH:  0    Dex: 18    Spells: 9/9 levels left

rFire   + . .        n - +2 quick blade (flame)
rCold   . . .        (no shield)
rNeg    . . .        m - +0 steam dragon scales
rPois   .            (no helmet)
rElec   .            (no cloak)
rCorr   .            B - +2 pair of gloves
SInv    +            i - +2 pair of boots
Will    +....        (no amulet)
Stlth   +++          k - ring of protection from fire
HPRegen 1.09/turn    w - ring of see invisible
MPRegen 0.12/turn

%: guardian spirit
@: studying Stealth
A: fangs 3, regeneration 1, magic shield, antimagic bite, no potion heal 2
a: Renounce Religion


You were on level 9 of the Dungeon.
You worshipped Xom.
You were a special plaything of Xom.
You visited 1 branch of the dungeon, and saw 9 of its levels.
You also visited: Bailey.

You collected 422 gold pieces.

Inventory:

Hand Weapons
 n - a +2 quick blade of flaming (weapon)
Armour
 i - a +2 pair of boots (worn)
 m - +0 steam dragon scales (worn)
 B - a +2 pair of gloves (worn)
Jewellery
 a - an amulet of regeneration
 f - a ring of fire
 j - a ring of resist corrosion
 k - a ring of protection from fire (left hand)
 p - a +4 ring of protection
 s - a +6 ring of intelligence
 w - a ring of see invisible (right hand)
 C - a ring of magical power
Talismans
 t - a talisman of death
Wands
 g - a wand of digging (3)
 E - a wand of flame (14)
Scrolls
 b - a scroll of noise
 c - 2 scrolls of fog
 e - a scroll of blinking
 l - 2 scrolls of fear
 o - a scroll of teleportation
 q - a scroll of revelation
 D - a scroll of amnesia
Potions
 d - a potion of ambrosia
 h - a potion of degeneration
 r - a potion of brilliance {unknown}
 u - 3 potions of mutation {unknown}
 v - 2 potions of curing
 x - 4 potions of might
 z - 3 potions of heal wounds
 A - 3 potions of resistance {unknown}
 G - a potion of invisibility {unknown}
 H - a potion of cancellation
 I - a potion of magic


   Skills:
 + Level 9.0 Fighting
 + Level 3.7 Short Blades
 - Level 6.7 Axes
 - Level 1.5 Dodging
 - Level 6.0 Stealth
 + Level 7.8 Shapeshifting


You had 9 spell levels left.
You didn't know any spells.
Your spell library contained the following spells:

 Spells                   Type           Power      Damage    Failure   Level
 Apportation              Tloc           0%         N/A       36%         1
 Sublimation of Blood     Necr           0%         N/A       50%         2
 Petrify                  Tmut/Erth      0%         N/A       98%         4
 Irradiate                Conj/Tmut      0%         3d11      100%        5
 Iskenderun's Battlesphe  Conj           0%         2d6       100%        5
 Bombard                  Conj/Erth      0%         9d1       100%        6
 Spellforged Servitor     Conj/Summ      0%         N/A       100%        7


Dungeon Overview and Level Annotations

Branches:
Dungeon (9/15)             Temple (0/1) D:6          Bailey (visited)
   Lair: D:8-11         Orc: D:9-12

Altars:
Dithmenos
Gozag
Makhleb
Sif Muna
Trog
Wu Jian
Xom
Yredelemnul

Shops:
D:8 (


Innate Abilities, Weirdness & Mutations

You have razor-sharp teeth.
Your natural rate of healing is unusually fast.
When hurt, damage is shared between your health and your magic reserves.
Your bite disrupts and absorbs the magic of your enemies.
Potions cannot restore your health.


Message History

You hit the troll. You burn the troll. You hit the troll. You burn the troll.
You bite the troll, but do no damage.
The troll is heavily wounded.
The orc warrior misses you. The troll bites you.
The troll claws you but does no damage. The troll claws you!
You hit the troll but do no damage. Your bite misses the troll.
You hit the troll. You burn the troll.
The troll is severely wounded.
The orc warrior barely misses you. The troll bites you but does no damage.
The troll claws you! The troll claws you but does no damage.
You are too injured to fight recklessly!
You closely miss the troll. You bite the troll. You drain its power.
You feel invigorated.
You hit the troll. You burn the troll.
The troll is almost dead.
The orc warrior hits you from afar with a +0 glaive!
* * * LOW HITPOINT WARNING * * *
The troll closely misses you. The troll barely misses you.
The troll closely misses you.
You hit the troll but do no damage. You punch the troll.
Your bite misses the troll. You hit the troll. You burn the troll.
The troll is almost dead.
The orc warrior barely misses you. The troll closely misses you.
The troll claws you but does no damage. The troll claws you.
* * * LOW HITPOINT WARNING * * *
Unknown command.
You barely miss the troll. You closely miss the troll. You bite the troll.
You kill the troll!
The orc warrior hits you from afar with a +0 glaive.
* * * LOW HITPOINT WARNING * * *
The orc throws a boomerang.
The boomerang closely misses you.
Unknown command.
Unknown command.
The orc warrior attacks as it pursues you!
The orc warrior hits you from afar with a +0 glaive!
* * * LOW HITPOINT WARNING * * *
The orc warrior hits you from afar with a +0 glaive!
* * * LOW HITPOINT WARNING * * *
The orc warrior attacks as it pursues you!
The orc warrior hits you from afar with a +0 glaive!
You die...

. .....#........# #.
#.#..##......!# #.
#.#...#.......#
#..#.#o#.........#
#..#.#..o#.......#
#......###..>....#
......#.### #.......#
#######.#############
#.@.....# #.##†##.# .
... #o##o##.####....
####.####
#.##............
####.......#
#.#####.####....
........##.#
##.#####.# . ..
#.....#.###........#
..
#..#..........######
..##.#...#.#.......#


You could see an orc warrior.

Vanquished Creatures
  An orc warlord (Bailey)
  Pikel (D:8)
  A troll (D:9)
  A hornet (D:7)
  4 yaks (D:8)
  2 steam dragons (D:6)
  Duvessa (D:6)
  8 orc warriors (Bailey)
  A water moccasin (D:5)
  A black bear (D:6)
  A sky beast (D:7)
  2 ogres
  4 lemures (D:8)
  3 scorpions
  A gnoll sergeant (D:7)
  3 wights (D:6)
  Dowan (D:6)
  2 orc priests (D:5)
  4 hounds
  2 jellies
  A sleepcap (D:5)
  2 iguanas
  4 orc wizards
  9 gnolls
  2 adders
  2 white imps (D:7)
  2 ufetubi
  3 worms
  4 dart slugs
  24 orcs
  5 ball pythons
  6 endoplasms
  A giant cockroach (D:1)
  28 goblins
  20 hobgoblins
  8 jackals
  8 kobolds
  3 quokkas
  4 bats
  2 frilled lizards
  8 rats
190 creatures vanquished.

Vanquished Creatures (collateral kills)
  A gnoll (Bailey)
1 creature vanquished.

Vanquished Creatures (others)
  An orc (D:6)
1 creature vanquished.

Grand Total: 192 creatures vanquished

Notes
Turn   | Place    | Note
-------+----------+-------------------------------------------
     0 | D:5      | Angani the Vine Stalker Delver began the quest for the Orb.
     0 | D:5      | Reached XP level 1. HP: 11/11 MP: 2/2
    29 | D:5      | Noticed a sleepcap
    79 | D:4      | Noticed a scorpion
   143 | D:5      | Found a basalt altar of Yredelemnul.
   146 | D:5      | Noticed a hound
   377 | D:1      | Reached skill level 3 in Fighting
   377 | D:1      | Reached XP level 2. HP: 9/16 MP: 1/3
   547 | D:1      | Reached XP level 3. HP: 20/20 MP: 4/4
  1350 | D:2      | Found a faded altar of an unknown god.
  1359 | D:2      | Prayed at the altar of an unknown god.
  1359 | D:2      | Became a worshipper of Xom of Chaos
  1416 | D:2      | XOM: silly message
  1541 | D:2      | XOM: divination: magic mapping
  1557 | D:2      | Reached XP level 4. HP: 2/24 MP: 5/5
  1905 | D:3      | XOM: silly message
  1922 | D:3      | Reached skill level 1 in Shapeshifting
  2103 | D:3      | Noticed an ogre
  2124 | D:3      | Killed an ogre
  2125 | D:3      | Reached XP level 5. HP: 18/29 MP: 6/6
  2346 | D:4      | XOM: potion effect (haste)
  2351 | D:4      | XOM: silly message
  2358 | D:4      | Reached skill level 4 in Fighting
  2358 | D:4      | Reached XP level 6. HP: 7/33 MP: 5/7
  2397 | D:4      | Upgraded the game from 0.31-a0-833-gc15d34cb79 to
                  | 0.31-a0-836-g3ceb0a68c4
  2445 | D:4      | XOM: confuse monster(s)
  2519 | D:4      | XOM: noise
  2882 | D:4      | Found a burning altar of Makhleb.
  2883 | D:4      | XOM: silly message
  2940 | D:4      | Identified the +6 hand axe "Ukuwaniw" {elec, MP+9}
  2946 | D:4      | Found a bloodstained altar of Trog.
  2952 | D:4      | Got a vibrant book
  2977 | D:4      | XOM: summons 4 hostile demons
  2978 | D:4      | Noticed a hellwing
  2996 | D:4      | XOM: polymorph shadow imp -> crimson imp
  3060 | D:4      | XOM: draining
  3282 | D:5      | Reached skill level 1 in Axes
  3291 | D:5      | Reached XP level 7. HP: 26/38 MP: 8/8
  3356 | D:5      | XOM: summons 4 hostile demons
  3357 | D:5      | Noticed a neqoxec
  3357 | D:5      | Noticed an orange demon
  3434 | D:5      | XOM: noise
  3568 | D:5      | XOM: polymorph scorpion -> water moccasin
  3576 | D:5      | XOM: confusion
  3908 | D:6      | XOM: butterfly on damage
  3912 | D:6      | Reached skill level 5 in Fighting
  3984 | D:6      | XOM: 1-stop teleportation journey
  4058 | D:6      | Noticed a steam dragon
  4069 | D:6      | Killed a steam dragon
  4070 | D:6      | Gained mutation: You have razor-sharp teeth. [Vine Stalker
                  | growth]
  4070 | D:6      | Reached XP level 8. HP: 37/44 MP: 9/9
  4148 | D:6      | Reached skill level 5 in Shapeshifting
  4321 | D:6      | Found a staircase to the Ecumenical Temple.
  4366 | D:6      | XOM: summons 1 hostile demon
  4368 | D:6      | XOM: enchant monster (bad)
  4402 | D:6      | Noticed Duvessa
  4402 | D:6      | Noticed Dowan
  4404 | D:6      | XOM: enchant monster (bad)
  4405 | D:6      | XOM: summons 5 hostile demons
  4406 | D:6      | Noticed a sixfirhy
  4406 | D:6      | Noticed a red devil
  4411 | D:6      | XOM: confusion
  4423 | D:6      | XOM: confusion (+ monsters)
  4426 | D:6      | Killed Duvessa
  4427 | D:6      | Reached skill level 6 in Fighting
  4446 | D:6      | Killed Dowan
  5008 | D:7      | XOM: 1-stop teleportation journey
  5184 | D:7      | Found an opulent altar of Gozag.
  5185 | D:7      | Found a shadowy altar of Dithmenos.
  5233 | D:7      | Found a shimmering blue altar of Sif Muna.
  5257 | D:7      | Reached XP level 9. HP: 46/49 MP: 10/10
  5264 | D:7      | XOM: blink monster(s)
  5267 | D:7      | a wyvern changed into a hornet
  5267 | D:7      | Noticed a hornet
  5267 | D:7      | XOM: polymorph wyvern -> hornet
  5270 | D:7      | XOM: cleaving
  5273 | D:7      | Killed a hornet
  5279 | D:7      | Identified a scroll of acquirement
  5279 | D:7      | Acquired a manual of Stealth
  5279 | D:7      | HP: 3/73 [gnoll/+0 halberd[a gnoll sergeant] (2)]
  5287 | D:7      | XOM: noise
  5711 | D:7      | XOM: draining
  5783 | D:8      | Found Tialefeq's Weapon Shoppe.
  5799 | D:8      | XOM: swap monsters
  5801 | D:8      | XOM: fog
  5808 | D:8      | Noticed Pikel
  5810 | D:8      | XOM: cast spell 'Metabolic Englaciation'
  5825 | D:8      | Killed Pikel
  5826 | D:8      | Reached skill level 7 in Fighting
  5826 | D:8      | Reached skill level 5 in Axes
  5847 | D:8      | XOM: cast spell 'Call Canine Familiar'
  5855 | D:8      | XOM: enchant monster (good)
  5860 | D:8      | XOM: enchant monster (bad)
  5861 | D:8      | XOM: divination: magic mapping
  5877 | D:8      | Reached skill level 8 in Fighting
  5910 | D:8      | Found a flagged portal.
  5922 | Bailey   | Entered a bailey
  5959 | Bailey   | XOM: smoke on damage
  6014 | Bailey   | Reached XP level 10. HP: 45/56 MP: 11/11
  6109 | Bailey   | XOM: enchant monster (bad)
  6153 | Bailey   | Noticed an orc warlord
  6157 | Bailey   | XOM: summons 8 friendly demons
  6167 | Bailey   | Killed an orc warlord
  6213 | Bailey   | Identified the +3 glaive "Dadin" {antimagic, Int+3}
  6226 | Bailey   | Reached skill level 9 in Fighting
  6243 | Bailey   | Acquired a +2 quick blade of flaming
  6389 | D:8      | Found an ornate altar of the Wu Jian Council.
  6557 | D:8      | XOM: scenery: create altars
  6796 | D:9      | Slain by an orc warrior

Illustrated notes

Levels and vault maps discovered:
D:1:      evilmike_arrival_grusome_pit, layout_loops_ring
D:2:      layout_loops_ring, hellmonk_ecumenical_altar_zigzags
D:3:      layout_loops_cross, minmay_ogre_servants
D:4:      layout_gridville, kennysheep_little_box, trog_book
D:5:      layout_loops_ring, yredelemnul_altar_generic,
          minmay_stone_trees_medium
D:6:      layout_basic, minmay_temple_entry_mist, minivault_14, uniq_duvessa
D:7:      layout_layer_cave, mainiacjoe_overflow_cross_hatched,
          nicolae_overflow_squiral, nicolae_eternal_life
D:8:      layout_basic, mainiacjoe_overflow_tiny_flanked, enter_bailey_5,
          serial_shops, nicolae_shop_statue_plus, uniq_pikel
D:9:      layout_loops_cross, lair_entry_dummy

Skill      XL: |  1  2  3  4  5  6  7  8  9 10 |
---------------+-------------------------------+-----
Short Blades   | 2 3 |  3.7
Fighting       | 3 4 5 6 8 9 |  9.0
Shapeshifting  | 2 3 4 5 7 |  7.8
Axes           | 1 3 4 5 6 |  6.7
Dodging        | |  1.5
Stealth        | |  6.0

Action                     |  1- 3 |  4- 6 |  7- 9 | 10-12 || total
---------------------------+-------+-------+-------+-------++-------
  Melee: Short sword       |    99 |   149 |       |       ||   248
         Bite              |    22 |    43 |    55 |    27 ||   147
         Punch             |     2 |     3 |     1 |     3 ||     9
         Hand axe          |       |    30 |   188 |    64 ||   282
         Quick blade       |       |       |       |    22 ||    22
  Evoke: Wand              |       |     2 |    10 |       ||    12
    Use: Potion            |       |     1 |     8 |     2 ||    11
         Scroll            |       |     8 |     8 |     4 ||    20
   Stab: Sleeping          |    21 |     5 |    12 |       ||    38
         Distracted        |     1 |       |     1 |       ||     2
         Confused          |       |       |     2 |       ||     2
         Petrified         |       |       |     7 |       ||     7
 Armour: Leather armour    |    21 |   103 |       |       ||   124
         Chain mail        |       |       |    49 |       ||    49
         Steam dragon scal |       |       |    85 |    40 ||   125
         Skin              |       |       |    35 |     7 ||    42
  Dodge: Dodged            |    38 |   126 |    94 |    31 ||   289
   Form: Death             |     1 |       |     1 |       ||     2
                           |       |     1 |     1 |       ||     2

Table legend: (Time is in decaauts)
 A = Elapsed time spent in this place.
 B = Non-inter-level travel time spent in this place.
 C = Inter-level travel time spent in this place.
 D = Time resting spent in this place.
 E = Time spent auto-exploring this place.
 F = Levels seen in this place.
 G = Mean time per level.
                   A        B        C        D        E       F      G
               +--------+--------+--------+--------+--------+-----+--------+
         Total |   6750 |   6404 |    346 |    184 |   4280 |  10 |  675.0 |
       Dungeon |   6340 |   5994 |    346 |    157 |   4207 |   9 |  704.4 |
        Bailey |    410 |    410 |      0 |     27 |     73 |   1 |  410.0 |
               +--------+--------+--------+--------+--------+-----+--------+

Top non-repeatable levels by time:
     D:7: 1099 daAuts
     D:4: 1007 daAuts
     D:5: 852 daAuts
     D:6: 822 daAuts
     D:1: 692 daAuts
     D:3: 665 daAuts
     D:2: 592 daAuts
     D:8: 463 daAuts
  Bailey: 410 daAuts
     D:9: 143 daAuts
